 Dungeon Crawl Stone Soup version 0.21.1-1-g345015f (webtiles) character file.

539 wojtek the Cleaver (level 7, -10/57 HPs)
             Began as a Minotaur Fighter on June 23, 2018.
             Mangled by an ogre
             ... wielding a +0 giant club
              (23 damage)
             ... on level 3 of the Dungeon.
             The game lasted 00:04:30 (2656 turns).

wojtek the Cleaver (Minotaur Fighter)               Turns: 2656, Time: 00:04:31

Health: -10/57     AC:  6    Str: 22    XL:     7   Next: 5%
Magic:  6/6        EV:  8    Int:  5    God:
Gold:   141        SH:  9    Dex: 10    Spells: 6/6 levels left

rFire    . . .     SeeInvis .   h - +4 hand axe
rCold    . . .     Gourm    .   c - +0 shield
rNeg     . . .     Faith    .   l - +0 ring mail (curse)
rPois    .         Spirit   .   (helmet restricted)
rElec    .         Reflect  .   (no cloak)
rCorr    .         Harm     .   r - +0 pair of gloves
MR       .....                  (no boots)
Stlth    ..........             (no amulet)
HPRegen  0.19/turn              (no ring)
MPRegen  0.10/turn              (no ring)

@: lethally poisoned (-10 -> -12)
A: retaliatory headbutt, horns 2
a: no special abilities


You were on level 3 of the Dungeon.
You were hungry.

You visited 1 branch of the dungeon, and saw 5 of its levels.

You collected 141 gold pieces.

Inventory:

Hand Weapons
 a - a +0 war axe
 h - a +4 hand axe (weapon)
Missiles
 x - 3 curare-tipped needles
Armour
 b - a +0 scale mail
 c - a +0 shield (worn)
 l - a cursed +0 ring mail (worn)
 m - a +0 scale mail
 r - a +0 pair of gloves (worn)
Wands
 w - a wand of acid (8)
Scrolls
 e - a scroll of blinking {unknown}
 i - 3 scrolls of identify {unknown}
 k - a scroll of magic mapping {unknown}
 n - 2 scrolls of remove curse {unknown}
 s - 3 scrolls of teleportation {unknown}
Potions
 d - 3 potions of might
 g - 3 potions of flight {unknown}
 j - 2 potions of curing {unknown}
 o - 2 potions of heal wounds {unknown}
 p - a potion of lignification {unknown}
 t - a potion of mutation {unknown}
 u - 3 potions of brilliance {unknown}
 v - 2 potions of haste {unknown}
Comestibles
 f - 10 rations
 q - a chunk of flesh


   Skills:
 - Level 3.6 Fighting
 + Level 9.3 Axes
 - Level 3.6 Armour
 - Level 3.6 Shields


You had 6 spell levels left.
You didn't know any spells.

Dungeon Overview and Level Annotations

Branches:
Dungeon (5/15)
 Temple: D:4-7

Altars:
Ashenzari
Gozag
Qazlal
Xom
Zin

Shops:
D:5 [

Annotations:
D:4 2 transporters


Innate Abilities, Weirdness & Mutations

You reflexively headbutt those who attack you in melee.
You have a pair of horns on your head.


Message History

You feel sick.
You are no longer poisoned.
A magic dart appears from out of thin air!
The magic dart hits you!
* * * LOW HITPOINT WARNING * * *
An orc wizard appears from thin air!
Reactivating autopickup.
The orc wizard gestures at you while chanting.
The magic dart hits you!
There is an open door here.
Some of the chunks of flesh in your inventory have rotted away.
The orc wizard gestures wildly while chanting.
The orc wizard flickers and vanishes!
Deactivating autopickup; reactivate with Ctrl-A.
You hear some strange, mumbled words.
You are feeling hungry.
Something hits you but does no damage.
You are poisoned.
The ogre hits you with a giant club!!
You die...

.......###...#...#########.##...#
######'###...#...# #..........#
##......##.###...# #.###.##.#.#
##.....###.###...#####+#....#.#.#
#.....##.....##..##)........#....
#.....#.8...8.#g.##.......#.###.#
#.....#.......#...........#.#....
#........._..........#+#.........
#.#####.......#O@....#.##.##..#g#
#.# #.8...8.#......#....##..#.#
+.# ##.....##......#######..#{#
### ###.###.......# #..#.# #
#....########## #).#g# #
#.(..##### #..#.# #........# # #
####.# ####.###.# #8###8## #.#
#.# #.###8...8...8###..


You could see an ogre and a goblin.

Vanquished Creatures
  Sigmund (D:2)
  A phantom (D:4)
  A scorpion (D:4)
  A jelly (D:5)
  An orc priest (D:4)
  Jessica (D:2)
  Terence (D:2)
  An iguana (D:4)
  A worker ant (D:5)
  A howler monkey skeleton (D:4)
  2 adders
  A gnoll (D:5)
  3 leopard geckos (D:3)
  4 orcs
  A giant cockroach (D:1)
  3 hobgoblins
  3 jackals (D:2)
  2 quokkas (D:3)
  A ball python (D:4)
  9 bats
  2 frilled lizards
  7 goblins
  5 kobolds
  7 rats
60 creatures vanquished.

Notes
Turn   | Place    | Note
-------+----------+-------------------------------------------
     0 | D:1      | wojtek the Minotaur Fighter began the quest for the Orb.
     0 | D:1      | Reached XP level 1. HP: 19/19 MP: 0/0
   146 | D:1      | Reached skill level 3 in Axes
   581 | D:2      | Reached XP level 2. HP: 26/26 MP: 1/1
   852 | D:2      | Noticed Sigmund
   864 | D:2      | Killed Sigmund
   864 | D:2      | Reached skill level 6 in Axes
   864 | D:2      | Reached XP level 3. HP: 15/31 MP: 2/2
   864 | D:2      | Reached XP level 4. HP: 19/39 MP: 3/3
   864 | D:2      | Reached XP level 5. HP: 22/45 MP: 4/4
  1067 | D:2      | Noticed Jessica
  1069 | D:2      | Killed Jessica
  1069 | D:2      | Reached skill level 7 in Axes
  1132 | D:2      | Noticed Terence
  1149 | D:2      | Killed Terence
  1478 | D:3      | Found a shimmering altar of Xom.
  1724 | D:3      | You fall through a shaft for 2 floors!
  1724 | D:5      | Entered Level 5 of the Dungeon
  1753 | D:5      | Found Ysuegax's Armour Shop.
  1762 | D:5      | Reached XP level 6. HP: 44/51 MP: 5/5
  1854 | D:5      | Reached skill level 8 in Axes
  1884 | D:4      | Found a transporter.
  2085 | D:4      | Found a transporter.
  2131 | D:4      | Found an opulent altar of Gozag.
  2138 | D:4      | Found a glowing silver altar of Zin.
  2140 | D:4      | Found a stormy altar of Qazlal.
  2275 | D:3      | Found an opulent altar of Gozag.
  2442 | D:3      | Found a shattered altar of Ashenzari.
  2588 | D:4      | Reached skill level 9 in Axes
  2591 | D:4      | Reached XP level 7. HP: 46/57 MP: 6/6
  2656 | D:3      | Mangled by an ogre

Skill      XL: |  1  2  3  4  5  6 |
---------------+-------------------+-----
Axes           | 3 6 7 9 |  9.3
Fighting       | |  3.6
Armour         | |  3.6
Shields        | |  3.6

Action                   |  1- 3 |  4- 6 |  7- 9 || total
-------------------------+-------+-------+-------++-------
Melee: Hand axe          |    34 |    97 |     2 ||   133
       War axe           |     5 |       |       ||     5
       Headbutt          |     2 |    13 |     1 ||    16
  Eat: Chunk             |       |     5 |       ||     5
Armor: Scale mail        |     4 |       |       ||     4
       Ring mail         |    10 |    21 |     5 ||    36
Dodge: Dodged            |    13 |    27 |     1 ||    41
Block: Shield            |    26 |    37 |       ||    63
